 Dungeon Sprint DCSS version 0.22-a0-367-gb72a975 (webtiles) character file.

7 KristoblXynda the Shield-Bearer (level 2, -1/24 HPs)
             Began as a Formicid Fighter on Apr 22, 2018.
             Slain by a wolf (2 damage)
             ... in the Dungeon (Sprint III: "The Ten Rune Challenge").
             The game lasted 00:00:35 (49 turns).

KristoblXynda the Shield-Bearer (Formicid Fighter)    Turns: 49, Time: 00:00:36

Health: -1/24      AC:  7    Str: 20    XL:     2   Next: 5%
Magic:  2/2        EV:  8    Int:  7    God:
Gold:   6          SH:  9    Dex: 10    Spells: 1/1 levels left

rFire    . . .     SeeInvis +   a - +0 war axe
rCold    . . .     Gourm    .   c - +0 shield
rNeg     . . .     Faith    .   b - +0 scale mail
rPois    .         Spirit   .   (helmet unavailable)
rElec    .         Reflect  .   (no cloak)
rCorr    .         Harm     .   (no gloves)
MR       .....                  (no boots)
Stlth    ..........             (no amulet)
HPRegen  0.08/turn              (no ring)
MPRegen  0.08/turn              (no ring)

@: no status effects
A: permanent stasis, dig shafts and tunnels, four strong arms, antennae 3
a: Dig


You were in the Dungeon.
You were not hungry.

You visited 1 branch You collected 6 gold pieces.

Inventory:

Hand Weapons
 a - a +0 war axe (weapon)
Armour
 b - a +0 scale mail (worn)
 c - a +0 shield (worn)
Scrolls
 k - a scroll of blinking
Potions
 d - a potion of might
 e - a potion of curing
 g - a potion of heal wounds
 h - a potion of haste
 i - 2 potions of magic
 j - a potion of berserk rage
 l - a potion of lignification {unknown}
Comestibles
 f - a ration


   Skills:
 - Level 3.2 Fighting
 * Level 3.3 Axes
 + Level 3.9 Armour
 + Level 4.3 Shields


You had one spell level left.
You didn't know any spells.

Dungeon Overview and Level Annotations

Branches:
Dungeon (1/1)

Altars:


Innate Abilities, Weirdness & Mutations

You cannot be hasted, slowed, berserked, paralysed or teleported.
You can dig through walls and to a lower floor.
Your four strong arms can wield two-handed weapons with a shield.
You have a pair of large antennae on your head. (SInv)


Message History

A wolf comes into view.
The wolf howls!
You closely miss the wolf. You block the wolf's attack.
The wolf bites you but does no damage.
You closely miss the wolf. The wolf closely misses you. x2
The wolf completely misses you.
Your scale mail prevents you from hitting the wolf.
The wolf bites you. x2
You miss the wolf. You block the wolf's attack.
The wolf bites you but does no damage.
Your shield prevents you from hitting the wolf.
You block the wolf's attack. The wolf bites you. The wolf bites you!
* * * LOW HITPOINT WARNING * * *
You closely miss the wolf. You block the wolf's attack. x2
You closely miss the wolf. You block the wolf's attack.
The wolf barely misses you.
You barely miss the wolf. The wolf bites you.
* * * LOW HITPOINT WARNING * * *
The wolf bites you.
You die...

▓.....#....≈.♣♣
▓.....#...≈≈♣..
▓.....#..≈≈≈≈..
▓####'#..≈≈≈≈≈≈
▓.....#.≈≈≈≈≈≈.
▓.....#h≈≈≈≈≈..
▓.....#.≈≈≈....
▓'#####........
▓....@h........
▓▓▓▓▓▓▓▓▓▓▓▓▓▓▓
{ { { { {{ { {{
{


You could see a wolf.

Vanquished Creatures
  An ooze (D)
  3 rats (D)
4 creatures vanquished.

Notes
Turn   | Place    | Note
-------+----------+-------------------------------------------
     0 | D        | KristoblXynda the Formicid Fighter began the quest for the Orb.
     0 | D        | Reached XP level 1. HP: 18/18 MP: 1/1
     6 | D        | Reached skill level 4 in Shields
    15 | D        | Reached XP level 2. HP: 21/24 MP: 2/2
    49 | D        | HP: 1/24 [wolf (6)]
    49 | D        | Slain by a wolf

Vault maps used:
D:        dungeon_sprint_mu

Skill      XL: |  1 |
---------------+----+-----
Axes           | 3 |  3.3
Shields        | 4 |  4.3
Fighting       | |  3.2
Armour         | |  3.9

Action                   || total
-------------------------++-------
Melee: War axe           ||    16
Armor: Scale mail        ||     4
Dodge: Dodged            ||     7
Block: Shield            ||    12

Table legend:
 A = Spawn XP
 B = Non-spawn XP
 C = Spawn XP percentage of total XP
 D = Spawn monster count
 E = Non-spawn monster count
 F = Spawn count percentage of total count
 G = Total turns spent on level
                    A         B        C        D         E        F      G
               +---------+---------+-------+---------+---------+-------+---------
         Total |       0 |      10 |   0.0 |       0 |       4 |   0.0 |    49
               +---------+---------+-------+---------+---------+-------+---------
             D |       0 |      10 |   0.0 |       0 |       4 |   0.0 |    49
               +---------+---------+-------+---------+---------+-------+---------
